 Dungeon Crawl Stone Soup version 0.14-a0-2381-g4cacdb4 (webtiles) character file.

4666 Medar the Carver (level 10, -7/59 HPs)
             Began as a Formicid Arcane Marksman on Feb 3, 2014.
             Was a Priest of Cheibriados.
             Hit by a tomahawk of returning thrown by an orc knight (12 damage)
             ... in a bailey.
             The game lasted 00:42:39 (13331 turns).

Medar the Carver (Formicid Arcane Marksman)        Turns: 13331, Time: 00:42:39

HP  -7/59        AC  7     Str 26      XL: 10   Next: 92%
MP  13/13        EV 12     Int 22      God: Cheibriados [***...]
Gold 259         SH 12     Dex 18      Spells:  3 memorised,  4 levels left

rFire  . . .     SeeInvis +     a - +0,+4 orc falchion (venom)
rCold  . . .     Clarity  .     j - +2 leather armour
rNeg   . . .     Conserve .     w - +0 buckler
rPois  x         rCorr    .     (helmet unavailable)
rElec  .         rRot     .     (no cloak)
SustAb . .       Spirit   .     (no gloves)
rMut   .         Warding  .     h - +0 pair of boots
Gourm  +         Stasis   +     J - amulet of the gourmand
MR     +....                    (no ring)
                                U - ring of flight

@: very slow, somewhat resistant to hostile enchantments, unstealthy
A: permanent stasis, dig shafts and tunnels, four strong arms, poison weakness,
antennae 3, exoskeleton 1
a: Dig, Shaft Self, Bend Time, Temporal Distortion, Renounce Religion, Evoke
Flight


You were in a bailey.
You worshipped Cheibriados.
Cheibriados was most pleased with you.
You were completely stuffed.

You visited 2 branches of the dungeon, and saw 9 of its levels.
You also visited: Sewer, Ossuary and Bailey.

You collected 340 gold pieces.
You spent 81 gold pieces at shops.

Inventory:

Hand weapons
 a - a +0,+4 orcish falchion of venom (weapon)
 b - a +0 blowgun
Missiles
 c - 2 throwing nets {=F}
 r - 3 large rocks
 u - 12 tomahawks (quivered)
 z - 85 poisoned needles
 T - 21 tomahawks of returning
Armour
 h - a +0 pair of boots (worn)
 j - a +2 leather armour (worn)
 w - a +0 buckler (worn)
Magical devices
 p - a wand of teleportation (7)
 t - a wand of cold (4)
Comestibles
 f - 5 bread rations
 Q - 2 meat rations
 S - a choko
Scrolls
 i - 2 scrolls of curse armour {unknown}
 n - a scroll of enchant weapon I {unknown}
 o - a scroll of fear
 v - a scroll of fog {unknown}
 x - 2 scrolls of recharging
 y - a scroll of enchant weapon II
 A - a scroll of noise {unknown}
 B - 4 scrolls of remove curse
 E - a scroll of random uselessness {unknown}
 F - a scroll of immolation
 H - a scroll of curse jewellery {unknown}
 I - a scroll of blinking {unknown}
 K - 2 scrolls of curse weapon {unknown}
Jewellery
 q - a cursed amulet of warding
 D - a cursed amulet of faith {unknown}
 J - an amulet of the gourmand (around neck)
 U - a ring of flight (left hand)
Potions
 e - a potion of restore abilities
 g - a potion of might {unknown}
 k - a potion of heal wounds {unknown}
 l - a potion of brilliance
 m - 2 potions of paralysis {unknown}
 s - 2 potions of cure mutation {unknown}
 C - 8 potions of curing
 L - a potion of degeneration {unknown}
 M - 3 potions of magic {unknown}
 N - 2 potions of flight {unknown}
 P - a potion of berserk rage {unknown}
 R - a potion of agility {unknown}
Books
 d - a book of Debilitation

   Spells                             Type                      Level
   *Corona                            Hexes                        1
   *Slow                              Hexes                        2
   Inner Flame                        Hexes/Fire                   3
   Enslavement                        Hexes                        4
   *Cause Fear                        Hexes                        4
   Leda's Liquefaction                Hexes/Earth                  4
 G - a book of Changes

   Spells                             Type                      Level
   Beastly Appendage                  Transmutation                1
   Sticks to Snakes                   Transmutation                2
   Spider Form                        Transmutation/Poison         3
   Ice Form                           Ice/Transmutation            4
   Blade Hands                        Transmutation                5
 O - a book of Power

   Spells                             Type                      Level
   Iskenderun's Mystic Blast          Conjuration                  4
   Venom Bolt                         Conjuration/Poison           5
   Bolt of Magma                      Conjuration/Fire/Earth       5
   Fulminant Prism                    Conjuration/Hexes            5
   Iron Shot                          Conjuration/Earth            6
   Orb of Destruction                 Conjuration                  7


   Skills:
 + Level 1.5 Fighting
 - Level 13.0 Long Blades
 - Level 1.5 Throwing
 + Level 1.6 Armour
 + Level 2.0 Dodging
 - Level 5.0 Shields
 - Level 1.1 Spellcasting
 - Level 4.6 Hexes


You had 4 spell levels left.
You knew the following spells:

 Your Spells              Type           Power        Failure   Level  Hunger
d - Slow                  Hex            ###.....     4%          2    ###....
f - Cause Fear            Hex            ###.......   28%         4    #####..
s - Corona                Hex            ###....      2%          1    ##.....


Dungeon Overview and Level Annotations

Branches:
Dungeon (8/16)             Temple (1/1) D:6
   Lair: D:8-11

Altars:
Ashenzari
Cheibriados
Dithmengos
Elyvilon
Fedhas
Kikubaaqudgha
Makhleb
Nemelex Xobeh
Okawaru
Sif Muna
Trog
Vehumet
Xom
Yredelemnul
Zin
The Shining One

Shops:
D:6 (   D:8 :

Annotations:
D:4 darksquall's ghost, average OgBe


Innate Abilities, Weirdness & Mutations

Your are under a permanent stasis effect.
You can dig through walls and to a lower floor.
Your four strong arms can wield any weapon, most with a shield.
You are susceptible to poison.
You have a pair of large antennae on your head (SInv).
Your body is surrounded by an exoskeleton. (AC +1)


Message History

You slash the goblin!
You kill the goblin!
Cheibriados appreciates the change of pace.
No target in view!
You start resting.
You sense a monster nearby.
You start resting.
The orc knight shouts!
The orc knight picks up 6 tomahawks of returning.
The orc knight roars a battle-cry!
The orc knight throws a tomahawk of returning.
The tomahawk of returning hits you!
The weapon returns to the orc knight!
The orc knight throws a tomahawk of returning.
The tomahawk of returning hits you!
* * * LOW HITPOINT WARNING * * *
The weapon returns to the orc knight!
The orc knight roars a battle-cry!
The orc knight throws a tomahawk of returning.
The tomahawk of returning hits you!
You die...

#############
####............
##.......)o.(#
##........(#{
#.....⌠....#.
##.......###..#{
#####....@# '..## #'# .
≈≈≈#...%..###...{ ... .
≈≈≈≈≈≈≈≈.%)..#{.####g####
.
#≈≈≈≈≈≈≈≈≈)%####{Kggo..###
###.....≈≈≈≈≈≈(#ooKgogo#(≈
##.......≈≈≈≈#########≈≈
##........≈≈≈≈≈≈≈≈≈≈≈≈≈
###........≈≈≈≈≈≈≈≈≈#
####.............##


You could see an orc knight.

Vanquished Creatures
  The ghost of wojtek the Slicer, an experienced KoAs of Dithmengos (Ossuary)
  Grinder (D:6)
  A hill giant skeleton (D:8)
  A hungry ghost (D:7)
  A necrophage (D:6)
  3 orc warriors
  An ice beast (D:6)
  A black bear (D:8)
  5 centaurs
  4 ogres
  Duvessa (D:4)
  Blork the orc (D:4)
  5 giant frogs
  A gnoll sergeant (D:6)
  5 killer bees (D:7)
  2 goliath beetles (D:7)
  2 crimson imps
  Dowan (D:4)
  A centaur zombie (Ossuary)
  2 orc wizards
  2 human zombies (Ossuary)
  2 iguanas
  5 scorpions
  4 hounds
  2 jellies
  3 orc priests
  7 worker ants
  Ijyb (D:7)
  A hound zombie (D:6)
  6 mummies
  10 gnolls
  10 adders
  15 giant mites
  An inept feature mimic (Ossuary)
  A shadow imp (D:8)
  3 worms
  A giant eyeball (D:6)
  13 giant geckos
  37 orcs
  9 ball pythons
  18 bats
  10 giant cockroaches
  26 hobgoblins
  9 jackals
  30 kobolds
  4 quokkas
  A giant gecko zombie (D:5)
  16 giant newts
  21 goblins
  3 goblin zombies (Ossuary)
  A jackal zombie (D:7)
  A kobold skeleton (D:6)
  3 kobold zombies
  3 orc zombies
  9 rats
328 creatures vanquished.

Notes
Turn   | Place    | Note
--------------------------------------------------------------
     0 | D:1      | Medar, the Formicid Arcane Marksman, began the quest for the Orb.
     0 | D:1      | Reached XP level 1. HP: 13/13 MP: 2/2
   117 | D:1      | Reached skill level 4 in Hexes
   235 | D:1      | Reached XP level 2. HP: 13/18 MP: 1/3
   738 | D:1      | Reached XP level 3. HP: 17/23 MP: 2/4
   811 | D:1      | Reached skill level 1 in Shields
  1282 | D:2      | Reached XP level 4. HP: 28/28 MP: 3/5
  2213 | D:2      | Learned a level 2 spell: Slow
  2236 | D:3      | Reached XP level 5. HP: 24/33 MP: 7/7
  2808 | D:3      | Reached XP level 6. HP: 38/38 MP: 5/8
  2841 | D:3      | Found a glowing drain.
  2871 | Sewer    | Entered a sewer
  3212 | Sewer    | Reached skill level 5 in Shields
  3218 | Sewer    | Learned a level 4 spell: Cause Fear
  3590 | Sewer    | Reached skill level 1 in Long Blades
  3930 | Sewer    | Reached XP level 7. HP: 33/43 MP: 9/9
  4929 | D:4      | Noticed darksquall's ghost (average OgBe)
  5614 | D:4      | Noticed Blork the orc
  5617 | D:4      | Killed Blork the orc
  5617 | D:4      | Reached skill level 5 in Long Blades
  5617 | D:4      | Reached XP level 8. HP: 46/48 MP: 7/10
  6518 | D:4      | Noticed Duvessa
  6518 | D:4      | Noticed Dowan
  6530 | D:4      | Killed Dowan
  6532 | D:4      | Killed Duvessa
  6532 | D:4      | Reached skill level 6 in Long Blades
  6734 | D:5      | Entered Level 5 of the Dungeon
  6904 | D:5      | Found a sand-covered staircase.
  6912 | Ossuary  | Entered an ossuary
  6934 | Ossuary  | Noticed wojtek's ghost (experienced KoAs)
  6971 | Ossuary  | Killed wojtek's ghost
  6971 | Ossuary  | Reached skill level 7 in Long Blades
  7226 | Ossuary  | Reached XP level 9. HP: 47/53 MP: 12/12
  7343 | Ossuary  | Reached skill level 8 in Long Blades
  8939 | D:5      | Reached skill level 9 in Long Blades
  9517 | D:6      | Noticed Grinder
  9532 | D:6      | Killed Grinder
  9532 | D:6      | Reached skill level 10 in Long Blades
  9658 | D:6      | Found Azusitoh's Antique Weapon Shoppe.
  9667 | D:6      | Bought a long sword for 81 gold pieces
  9762 | D:6      | Reached XP level 10. HP: 54/58 MP: 10/13
  9839 | D:6      | Found a staircase to the Ecumenical Temple.
  9862 | Temple   | Entered the Ecumenical Temple
 10095 | Temple   | Became a worshipper of Cheibriados the Contemplative
 10147 | D:6      | Reached skill level 11 in Long Blades
 10405 | D:7      | Noticed Ijyb
 10409 | D:7      | Killed Ijyb
 10907 | D:7      | Found a radiant altar of Vehumet.
 11283 | D:7      | Found a glowing silver altar of Zin.
 11492 | D:7      | Reached skill level 12 in Long Blades
 12258 | D:7      | Found an iron altar of Okawaru.
 12258 | D:7      | Found a blossoming altar of Fedhas.
 12821 | D:8      | Found a shadowy altar of Dithmengos.
 12958 | D:8      | Found Plaakhlaa's Book Boutique.
 13074 | D:8      | Reached skill level 13 in Long Blades
 13120 | D:8      | Found a flagged portal.
 13140 | D:8      | Acquired Cheibriados' first power
 13173 | Bailey   | Entered a bailey
 13178 | Bailey   | Noticed an orc knight
 13250 | Bailey   | Reached skill level 1 in Armour
 13331 | Bailey   | Hit by a tomahawk of returning thrown by an orc knight

Action                   |  1- 3 |  4- 6 |  7- 9 | 10-12 || total
-------------------------+-------+-------+-------+-------++-------
Melee: Unarmed           |    10 |       |       |       ||    10
       Dagger            |    18 |    51 |       |       ||    69
       Short sword       |    51 |    69 |       |       ||   120
       Falchion          |       |    74 |   448 |   219 ||   741
 Fire: Blowgun           |       |       |       |     5 ||     5
Throw: Large rock        |    12 |    28 |    41 |    14 ||    95
       Tomahawk          |       |    20 |     7 |    39 ||    66
       Throwing net      |       |       |       |     1 ||     1
 Cast: Corona            |    23 |    56 |    53 |    28 ||   160
       Slow              |       |       |    14 |     4 ||    18
 Abil: Dig               |       |       |       |     1 ||     1
       Evoke Flight      |       |       |       |     1 ||     1
Evoke: Wand              |       |     2 |     3 |     5 ||    10
  Use: Scroll            |     1 |     5 |    10 |     2 ||    18
       Potion            |       |     1 |     5 |       ||     6
 Stab: Invisible         |       |       |     3 |       ||     3
